 Dungeon Crawl Stone Soup version 0.22-a0-231-g1b571ea (webtiles) character file.

51 tidbits the Chopper (level 3, 0/31 HPs)
             Began as a Gnoll Wanderer on Feb 20, 2018.
             Slain by a leopard gecko (1 damage)
             ... on level 2 of the Dungeon.
             The game lasted 00:05:44 (527 turns).

tidbits the Chopper (Gnoll Wanderer)                 Turns: 527, Time: 00:05:44

Health: 0/31       AC:  5    Str: 13    XL:     3   Next: 81%
Magic:  4/4        EV: 10    Int: 17    God:
Gold:   71         SH:  0    Dex: 13    Spells: 3/3 levels left

rFire    . . .     SeeInvis .   a - +0 war axe
rCold    . . .     Gourm    .   (no shield)
rNeg     . . .     Faith    .   B - +0 ring mail
rPois    .         Spirit   .   (no helmet)
rElec    .         Reflect  .   (no cloak)
rCorr    .         Harm     .   (no gloves)
MR       .....                  (no boots)
Stlth    +.........             (no amulet)
HPRegen  0.10/turn              (no ring)
MPRegen  0.09/turn              (no ring)

@: no status effects
A: distributed training, fangs 1, strong nose
a: no special abilities


You were on level 2 of the Dungeon.
You were not hungry.

You visited 1 branch of the dungeon, and saw 3 of its levels.

You collected 71 gold pieces.

Inventory:

Hand Weapons
 a - a +0 war axe (weapon)
 b - a +0 shortbow
 j - a +0 dagger
 m - a +0 short sword
 y - a +0 hand axe
Missiles
 c - 45 arrows
Armour
 e - a +0 robe
 B - a +0 ring mail (worn)
Scrolls
 d - 2 scrolls of teleportation
 h - a scroll of remove curse {unknown}
 i - a scroll of enchant weapon {unknown}
 k - a scroll of identify {unknown}
 l - a scroll of enchant armour {unknown}
Potions
 f - a potion of magic {unknown}
 n - 2 potions of cancellation {unknown}
 o - a potion of degeneration {unknown}
 p - a potion of invisibility {unknown}
Comestibles
 g - 2 rations


   Skills:
 + Level 4.5 Fighting
 + Level 0.9 Short Blades
 + Level 0.9 Long Blades
 + Level 6.5 Axes
 + Level 0.9 Maces & Flails
 + Level 0.9 Polearms
 + Level 0.9 Staves
 + Level 0.9 Slings
 + Level 0.9 Bows
 + Level 0.9 Crossbows
 + Level 0.9 Throwing
 + Level 0.9 Armour
 + Level 0.9 Dodging
 + Level 2.4 Stealth
 + Level 2.6 Shields
 + Level 0.9 Unarmed Combat
 + Level 0.9 Spellcasting
 + Level 0.6 Conjurations
 + Level 0.6 Hexes
 + Level 2.1 Charms
 + Level 0.6 Summonings
 + Level 0.6 Necromancy
 + Level 0.6 Translocations
 + Level 3.8 Transmutations
 + Level 0.6 Fire Magic
 + Level 0.6 Ice Magic
 + Level 0.6 Air Magic
 + Level 0.6 Earth Magic
 + Level 0.6 Poison Magic
 + Level 1.0 Invocations
 + Level 0.9 Evocations


You had 3 spell levels left.
You didn't know any spells.

Dungeon Overview and Level Annotations

Branches:
Dungeon (3/15)

Altars:


Innate Abilities, Weirdness & Mutations

Your experience applies equally to all skills.
You have very sharp teeth.
Your uncanny sense of smell can sniff out nearby items.


Message History

b - a +0 shortbow (weapon)
Items here: )) [ † a flail; a ring mail; a mace; an orc corpse You see here an orc corpse.
Found 9 arrows.
Found 2 blue potions.
Found 8 gold pieces.
You see here 9 arrows.
c - 45 arrows (gained 9)
Found a stone staircase leading up.
You see here 2 blue potions.
n - 2 blue potions
Found a ration.
Found a club.
There is a stone staircase leading up here.
You climb upwards.
An adder and a hobgoblin come into view.
The adder hisses angrily.
The hobgoblin shouts!
Found 9 gold pieces.
There is a stone staircase leading down here.
Firing (i - inventory)
c - 45 arrows (quivered)
Press: ? - help, Shift-Dir - straight line, f - adder
Aim: an adder You shoot an arrow.
The arrow hits the adder.
The adder is heavily wounded.
a - a +0 war axe (weapon)
You hit the adder but do no damage.
The adder is heavily wounded.
You hit the hobgoblin. The adder bites you but does no damage.
The hobgoblin hits you with a club. The adder completely misses you.
You miss the adder.
The adder is heavily wounded.
You hit the hobgoblin but do no damage. The adder bites you.
The hobgoblin hits you with a club.
* * * LOW HITPOINT WARNING * * *
You miss the adder.
The adder is heavily wounded.
You hit the hobgoblin. The adder bites you but does no damage.
The hobgoblin hits you with a club.
* * * LOW HITPOINT WARNING * * *
You hit the adder.
You kill the adder!
Your Invocations skill increases to level 1!
Your ring mail prevents you from hitting the hobgoblin.
The hobgoblin hits you with a club.
* * * LOW HITPOINT WARNING * * *
You slash the hobgoblin!
You kill the hobgoblin!
You see here an arrow.
c - 45 arrows (gained 1)
You open the door.
Found a lumpy silvery potion.
There is an open door here.
You see here a lumpy silvery potion.
p - a lumpy silvery potion
There is an open door here.
You see here 9 gold pieces.
You now have 71 gold pieces (gained 9).
You open the door.
There is an open door here.
You open the door.
Found a buckler.
There is an open door here.
A leopard gecko, a giant cockroach and a hobgoblin come into view.
The leopard gecko hisses angrily.
The hobgoblin shouts!
The giant cockroach moves out of view.
The hobgoblin moves out of view.
Unknown command.
You barely miss the giant cockroach. The giant cockroach bites you.
* * * LOW HITPOINT WARNING * * *
You hit the giant cockroach but do no damage.
The giant cockroach closely misses you. The leopard gecko bites you.
* * * LOW HITPOINT WARNING * * *
The giant cockroach barely misses you.
You hit the leopard gecko.
The leopard gecko is almost dead.
You slash the giant cockroach!
You kill the giant cockroach!
The leopard gecko closely misses you.
You closely miss the hobgoblin. Your bite misses the hobgoblin.
You closely miss the leopard gecko. The leopard gecko misses you.
The hobgoblin hits you but does no damage.
The leopard gecko bites you.
* * * LOW HITPOINT WARNING * * *
You hit the hobgoblin.
The hobgoblin is severely wounded.
You miss the leopard gecko.
The hobgoblin hits you but does no damage.
The leopard gecko bites you but does no damage.
You barely miss the hobgoblin.
The hobgoblin is severely wounded.
You closely miss the leopard gecko. The leopard gecko bites you.
* * * LOW HITPOINT WARNING * * *
The hobgoblin hits you.
* * * LOW HITPOINT WARNING * * *
The leopard gecko bites you.
* * * LOW HITPOINT WARNING * * *
You slash the hobgoblin!
You kill the hobgoblin!
You barely miss the leopard gecko. The leopard gecko bites you.
You die...

#.......#
#.......# ∆
......... #
##.......#
#.##.......
....[.. #.l†# #@#
#.# #.# ##'##
##...## ##.....##
##..>....## #
#...†)....####...#
+.........'.......


You could see a leopard gecko.

Vanquished Creatures
  2 adders (D:2)
  A worm (D:2)
  A dart slug (D:2)
  A leopard gecko (D:2)
  5 orcs (D:3)
  2 bats (D:2)
  2 giant cockroaches (D:2)
  A goblin (D:2)
  3 hobgoblins (D:2)
  A quokka (D:3)
  A frilled lizard (D:1)
  A rat (D:2)
21 creatures vanquished.

Notes
Turn   | Place    | Note
-------+----------+-------------------------------------------
     0 | D:1      | tidbits the Gnoll Wanderer began the quest for the Orb.
     0 | D:1      | tidbits set off with: a ration, a +0 shortbow, 26 arrows, a scroll of teleportation, a +0 robe
     0 | D:1      | Reached XP level 1. HP: 20/20 MP: 1/1
   109 | D:2      | Reached skill level 2 in Charms
   134 | D:2      | Reached XP level 2. HP: 19/26 MP: 2/2
   247 | D:2      | Reached XP level 3. HP: 31/31 MP: 3/3
   481 | D:2      | Reached skill level 1 in Invocations
   526 | D:2      | HP: 1/31 [leopard gecko (4)]
   527 | D:2      | Slain by a leopard gecko

Vault maps used:
D:1:      minmay_arrival_four_circles, feat_on_display
D:2:      lemuel_doored_altar, first_ration
D:3:      dancing_weapons_uskayaw

Skill      XL: |  1  2  3 |
---------------+----------+-----
Charms         | 2 |  2.1
Invocations    | 1 |  1.0
Fighting       | |  4.5
Short Blades   | |  0.9
Long Blades    | |  0.9
Axes           | |  6.5
Maces & Flails | |  0.9
Polearms       | |  0.9
Staves         | |  0.9
Slings         | |  0.9
Bows           | |  0.9
Crossbows      | |  0.9
Throwing       | |  0.9
Armour         | |  0.9
Dodging        | |  0.9
Stealth        | |  2.4
Shields        | |  2.6
Unarmed Combat | |  0.9
Spellcasting   | |  0.9
Conjurations   | |  0.6
Hexes          | |  0.6
Summonings     | |  0.6
Necromancy     | |  0.6
Translocations | |  0.6
Transmutations | |  3.8
Fire Magic     | |  0.6
Ice Magic      | |  0.6
Air Magic      | |  0.6
Earth Magic    | |  0.6
Poison Magic   | |  0.6
Evocations     | |  0.9

Action                   || total
-------------------------++-------
Melee: Short sword       ||    32
       War axe           ||    12
       Hand axe          ||     8
       Bite              ||     2
 Fire: Shortbow          ||    30
  Use: Scroll            ||     1
Armor: Ring mail         ||    21
Dodge: Dodged            ||    25

Table legend:
 A = Spawn XP
 B = Non-spawn XP
 C = Spawn XP percentage of total XP
 D = Spawn monster count
 E = Non-spawn monster count
 F = Spawn count percentage of total count
 G = Total turns spent on level
                    A         B        C        D         E        F      G
               +---------+---------+-------+---------+---------+-------+---------
         Total |       0 |      73 |   0.0 |       0 |      21 |   0.0 |   527
               +---------+---------+-------+---------+---------+-------+---------
           D:1 |       0 |       1 |   0.0 |       0 |       1 |   0.0 |    80
           D:2 |       0 |      55 |   0.0 |       0 |      14 |   0.0 |   339
           D:3 |       0 |      17 |   0.0 |       0 |       6 |   0.0 |   108
               +---------+---------+-------+---------+---------+-------+---------

Table legend:
 A = Turns spent in this place as a percentage of turns spent in the entire game.
 B = Non-inter-level travel turns spent in this place as a percentage of non-inter-level travel turns spent in the entire game.
 C = Inter-level travel turns spent in this place as a percentage of turns spent in this place.
 D = Turns resting spent in this place as a percentage of non-inter-level travel turns spent in this place.
 E = Turns spent auto-exploring this place as a percentage of non-inter-level travel turns spent in this place.
 F = Non-inter-level travel turns spent in this place divided by the number of levels of this place that you've seen.
                   A       B       C       D       E      F
               +-------+-------+-------+-------+-------+----------------------
         Total | 100.0 | 100.0 |   0.0 |   0.0 |   0.0 | 175.7
       Dungeon | 100.0 | 100.0 |   0.0 |   0.0 |   0.0 | 175.7
               +-------+-------+-------+-------+-------+----------------------

Table legend:
 A = Kills in this place as a percentage of kills in entire the game.
 B = Kills by you in this place as a percentage of kills by you in the entire game.
 C = Kills by friends in this place as a percentage of kills by friends in the entire game.
 D = Other kills in this place as a percentage of other kills in the entire game.
 E = Experience gained in this place as a percentage of experience gained in the entire game.
 F = Experience gained in this place divided by the number of levels of this place that you have seen.
                   A       B       C       D       E      F
               +-------+-------+-------+-------+-------+----------------------
         Total | 100.0 | 100.0 |   N/A |   N/A | 100.0 |  24.3
       Dungeon | 100.0 | 100.0 |   N/A |   N/A | 100.0 |  24.3
               +-------+-------+-------+-------+-------+----------------------

Vault maps used:
D:1:      minmay_arrival_four_circles, feat_on_display
D:2:      lemuel_doored_altar, first_ration
D:3:      dancing_weapons_uskayaw
